 Dungeon Crawl Stone Soup version 0.15.2 (webtiles) character file.

35 Implojin the Insei (level 3, -2/29 HPs)
             Began as a Mummy Monk on Apr 9, 2016.
             Slain by an adder (4 damage)
             ... on Level 2 of the Dungeon.
             The game lasted 00:05:18 (2717 turns).

Implojin the Insei (Mummy Monk)                     Turns: 2717, Time: 00:05:18

HP  -2/29        AC  0     Str 14      XL: 3   Next: 16%
MP   3/3         EV 13     Int  6      God:
Gold 50          SH  0     Dex 15      Spells:  0 memorised,  2 levels left

rFire  x . .     SeeInvis .       - Unarmed
rCold  + . .     Clarity  .     (no armour)
rNeg   + + +     rCorr    .     (no shield)
rPois  +         rRot     +     (no helmet)
rElec  .         Spirit   .     (no cloak)
SustAb .         Warding  .     (no gloves)
rMut   .         Stasis   .     (no boots)
Gourm  .                        (no amulet)
MR     .....                    (no ring)
                                b - cursed -3 ring of intelligence

@: not resistant to hostile enchantments, unstealthy
A: no food or potions, fire vulnerability, restore body, cold resistance 1,
negative energy resistance 3, poison resistance, torment resistance, unbreathing
a: no special abilities


You were on level 2 of the Dungeon.
You were not hungry.

You visited 1 branch of the dungeon, and saw 2 of its levels.

You collected 50 gold pieces.

Inventory:

Scrolls
 a - 3 scrolls of remove curse
 c - a scroll of enchant weapon (quivered)
 d - a scroll of identify
Jewellery
 b - a cursed -3 ring of intelligence (left hand)


   Skills:
 - Level 3.0 Fighting
 - Level 2.4 Dodging
 - Level 1.5 Stealth
 * Level 4.2 Unarmed Combat


You had 2 spell levels left.
You didn't know any spells.

Dungeon Overview and Level Annotations

Branches:
Dungeon (2/15)

Altars:
Ashenzari
Dithmenos
Elyvilon
Zin


Innate Abilities, Weirdness & Mutations

You do not eat or drink.
Your flesh is vulnerable to fire.
Your flesh is cold resistant.
You are immune to negative energy.
Your system is resistant to poisons.
You are immune to unholy pain and torment.
You can survive without breathing.


Message History

As you read the scroll labeled BROMULEIRE, it crumbles to dust.
It is a scroll of identify.
Identify which item? (\ to view known items) (? for menu, Esc to quit)
a - 3 scrolls of remove curse Read which item? (? for menu, Esc to quit)
Identify which item? (\ to view known items) (? for menu, Esc to quit)
As you read the scroll of identify, it crumbles to dust.
c - a scroll of enchant weapon Quiver which item? (- for none, * to show all) (? for menu, Esc to quit)
Quivering
c - a scroll of enchant weapon for throwing.
You closely miss the adder. The adder bites you.
You closely miss the adder. The adder closely misses you.
You closely miss the adder. The adder bites you.
You hit the adder but do no damage. The adder misses you. The adder bites you.
You hit the adder.
The adder is lightly wounded.
The adder bites you.
You completely miss the adder.
The adder is lightly wounded.
The adder bites you.
* * * LOW HITPOINT WARNING * * *
You closely miss the adder.
The adder is lightly wounded.
The adder bites you.
* * * LOW HITPOINT WARNING * * *
You closely miss the adder.
The adder is lightly wounded.
The adder bites you.
* * * LOW HITPOINT WARNING * * *
The adder barely misses you.
Read which item? (? for menu, Esc to quit)
Okay, then.
You barely miss the adder.
The adder is lightly wounded.
The adder bites you.
* * * LOW HITPOINT WARNING * * *
You closely miss the adder.
The adder is lightly wounded.
The adder bites you.
You die...

## ##. #####.. #######
###...... #.....# #........
#...#######.# #.######.#.##...
.....S......# #..........###..
#...###.##..###.###.##........
#. #..S@..# #.##.####### #.
#.##.#####.#...### #.
#............#...# #.
####.#####.....#.# #. #.#
#..#.##.#### #.
#.#####..#........ .
.....##..####...## ####.##..#
#... #.##..# ####


You could see an adder.

Vanquished Creatures
  3 giant geckos
  4 bats
  A giant cockroach (D:1)
  4 hobgoblins
  3 jackals (D:2)
  A giant newt (D:1)
  4 goblins (D:1)
  4 kobolds (D:1)
  9 rats
33 creatures vanquished.

Notes
Turn   | Place    | Note
--------------------------------------------------------------
     0 | D:1      | Implojin, the Mummy Monk, began the quest for the Orb.
     0 | D:1      | Reached XP level 1. HP: 18/18 MP: 1/1
   814 | D:1      | Reached XP level 2. HP: 20/24 MP: 2/2
  1565 | D:2      | Found a shattered altar of Ashenzari.
  1565 | D:2      | Found a shadowy altar of Dithmenos.
  1566 | D:2      | Found a glowing silver altar of Zin.
  1567 | D:2      | Found a white marble altar of Elyvilon.
  1582 | D:2      | Reached skill level 4 in Unarmed Combat
  2047 | D:2      | Reached XP level 3. HP: 29/29 MP: 3/3
  2717 | D:2      | Slain by an adder

Action                   || total
-------------------------++-------
Melee: Unarmed           ||   132
  Use: Scroll            ||     2
 Stab: Sleeping          ||     1

Table legend:
 A = Turns spent in this place as a percentage of turns spent in the entire game.
 B = Non-inter-level travel turns spent in this place as a percentage of non-inter-level travel turns spent in the entire game.
 C = Inter-level travel turns spent in this place as a percentage of turns spent in this place.
 D = Turns resting spent in this place as a percentage of non-inter-level travel turns spent in this place.
 E = Turns spent auto-exploring this place as a percentage of non-inter-level travel turns spent in this place.
 F = Non-inter-level travel turns spent in this place divided by the number of levels of this place that you've seen.
                   A       B       C       D       E      F
               +-------+-------+-------+-------+-------+----------------------
         Total | 100.0 | 100.0 |   0.3 |   4.2 |   5.0 | 459.0
       Dungeon | 100.0 | 100.0 |   0.3 |   4.2 |   5.0 | 459.0
               +-------+-------+-------+-------+-------+----------------------

Table legend:
 A = Kills in this place as a percentage of kills in entire the game.
 B = Kills by you in this place as a percentage of kills by you in the entire game.
 C = Kills by friends in this place as a percentage of kills by friends in the entire game.
 D = Other kills in this place as a percentage of other kills in the entire game.
 E = Experience gained in this place as a percentage of experience gained in the entire game.
 F = Experience gained in this place divided by the number of levels of this place that you have seen.
                   A       B       C       D       E      F
               +-------+-------+-------+-------+-------+----------------------
         Total | 100.0 | 100.0 |  -nan |  -nan | 100.0 |  25.0
       Dungeon | 100.0 | 100.0 |  -nan |  -nan | 100.0 |  25.0
               +-------+-------+-------+-------+-------+----------------------
